 Dungeon Crawl Stone Soup version 0.27-a0-1256-gced786f65e (webtiles) character file.

Game seed: 14167440261739705976

3123 tatocazan the Skirmisher (level 9, -3/72 HPs)
             Began as a Demonspawn Fighter on June 10, 2021.
             Was a Follower of Uskayaw.
             Slain by a hornet (10 damage)
             ... on level 8 of the Dungeon.
             The game lasted 00:08:10 (7934 turns).

tatocazan the Skirmisher (Demonspawn Fighter)       Turns: 7934, Time: 00:08:11

Health: -3/72      AC: 18    Str: 19    XL:     9   Next: 60%
Magic:  9/9        EV:  4    Int:  9    God:    Uskayaw [*.....]
Gold:   370        SH: 10    Dex: 14    Spells: 8/8 levels left

rFire    . . .     SeeInvis .   n - +0 broad axe
rCold    + . .     Faith    .   c - +0 kite shield
rNeg     . . .     Spirit   .   t - +0 plate armour
rPois    .         Reflect  .   v - +0 helmet
rElec    .         Harm     .   A - +0 cloak
rCorr    .         Rampage  .   u - +0 pair of gloves
Will     .....                  (no boots)
Stlth    ..........             e - amulet of the acrobat
HPRegen  0.22/turn              m - ring of protection from cold
MPRegen  0.11/turn              (no ring)

@: slowed, very slow
A: hooves 2, slimy green scales 1
a: Renounce Religion, Stomp


You were on level 8 of the Dungeon.
You worshipped Uskayaw.
Uskayaw was noncommittal.
You visited 2 branches of the dungeon, and saw 9 of its levels.

You collected 422 gold pieces.
You spent 52 gold pieces at shops.

Inventory:

Hand Weapons
 n - a +0 broad axe (weapon)
Armour
 c - a +0 kite shield (worn)
 t - a +0 plate armour (worn)
 u - a +0 pair of gloves (worn)
 v - a +0 helmet (worn)
 A - a +0 cloak (worn)
Jewellery
 e - an amulet of the acrobat (around neck)
 h - an amulet of regeneration
 i - an amulet of reflection
 m - a ring of protection from cold (left hand)
Wands
 q - a wand of polymorph (15)
 C - a wand of iceblast (9)
Scrolls
 f - 6 scrolls of identify
 g - a scroll of immolation {unknown}
 k - a scroll of noise {unknown}
 l - 2 scrolls of vulnerability {unknown}
 p - a scroll of acquirement {unknown}
 r - 2 scrolls of magic mapping
 s - 4 scrolls of teleportation
 w - a scroll of brand weapon {unknown}
 x - a scroll of silence {unknown}
 y - a scroll of fog {unknown}
Potions
 a - a potion of ambrosia {unknown}
 b - a potion of flight {unknown}
 d - a potion of might
 j - a potion of degeneration
 o - a potion of berserk rage {unknown}
 z - a potion of heal wounds {unknown}
 B - a potion of cancellation {unknown}
 E - a potion of magic
 F - a potion of mutation {unknown}


   Skills:
 + Level 7.4 Fighting
 + Level 6.4 Axes
 + Level 6.8 Armour
 + Level 6.7 Shields


You had 8 spell levels left.
You didn't know any spells.
Your spell library contained the following spells:

 Spells                   Type           Power      Damage    Failure   Level
 Animate Skeleton         Necr           0%         N/A       100%        1
 Corona                   Hex            0%         N/A       100%        1
 Pain                     Necr           0%         1d4       100%        1
 Summon Small Mammal      Summ           0%         N/A       100%        1
 Call Imp                 Summ           0%         N/A       100%        2
 Slow                     Hex            0%         N/A       100%        2
 Call Canine Familiar     Summ           0%         N/A       100%        3
 Inner Flame              Hex/Fire       0%         N/A       100%        3
 Portal Projectile        Hex/Tloc       0%         N/A       100%        3
 Summon Guardian Golem    Hex/Summ       0%         N/A       100%        3
 Vampiric Draining        Necr           0%         2d6       100%        3
 Animate Dead             Necr           0%         N/A       100%        4
 Cause Fear               Hex            0%         N/A       100%        4
 Leda's Liquefaction      Hex/Erth       0%         N/A       100%        4
 Summon Ice Beast         Ice/Summ       0%         N/A       100%        4
 Summon Lightning Spire   Summ/Air       0%         N/A       100%        4
 Agony                    Necr           0%         N/A       100%        5


Dungeon Overview and Level Annotations

Branches:
Dungeon (8/15)             Temple (1/1) D:4
   Lair: D:8-11

Altars:
Ashenzari
Cheibriados
Dithmenos
Elyvilon
Fedhas
Gozag
Hepliaklqana
Kikubaaqudgha
Makhleb
Nemelex Xobeh
Okawaru
Qazlal
Sif Muna
Uskayaw
Vehumet
Xom
Yredelemnul
Zin
The Shining One

Shops:
D:2 [   D:5 (

Annotations:
D:3 2 runed translucent doors


Innate Abilities, Weirdness & Mutations

You have hoof-like feet.
You are partially covered in slimy green scales. (AC +2)


Message History

You are poisoned.
You feel as though you will be slow longer.
The hornet stings you but does no damage.
You take 2 damage, and have 26/72 hp.
You closely miss the hornet. Your kick misses the hornet.
The hornet is heavily wounded.
You feel very sick.
The hornet stings you but does no damage.
You block the hornet's attack.
The hornet stings you but does no damage.
You take 4 damage, and have 22/72 hp.
You closely miss the hornet. You kick the hornet, but do no damage.
The hornet is heavily wounded.
You feel very sick.
The hornet stings you but does no damage. x2
You block the hornet's attack.
You take 2 damage, and have 20/72 hp.
You feel better. The hornet stings you.
You feel as though you will be slow longer.
You block the hornet's attack.
You regained 2 hp, and now have 22/72 hp.
You hit the hornet. Your kick misses the hornet.
The hornet is severely wounded.
You block the hornet's attack. x2; The hornet stings you!
* * * LOW HITPOINT WARNING * * *
You feel as though you will be slow longer.
The hornet stings you but does no damage.
You take 11 damage, and have 11/72 hp.
You closely miss the hornet.
The hornet is severely wounded.
You block the hornet's attack. The hornet stings you.
* * * LOW HITPOINT WARNING * * *
You feel as though you will be slow longer.
You block the hornet's attack.
You take 4 damage, and have 7/72 hp.
You hit the hornet but do no damage.
The hornet is heavily wounded.
The hornet stings you but does no damage.
You block the hornet's attack. The hornet stings you!
You die...

######### #........
#.#>....#
#########.#.#....
#.####.........#......
#...y@.........#.#....
######.........#.####.
#.........#(# ...
#.........#.#.###
##.######.#.# #.#
#.#.# #.# #.#.# #.#
.#.# #.# #.#


You could see a hornet.

Vanquished Creatures
  Maggie (D:7)
  4 yaks (D:6)
  Menkaure (D:6)
  Duvessa (D:5)
  2 ice beasts (D:7)
  2 necrophages
  A sky beast (D:5)
  An orc warrior (D:7)
  A phantom (D:5)
  Blork the orc (D:5)
  4 bullfrogs
  2 scorpions
  2 water moccasin zombies
  Dowan (D:5)
  2 water moccasin skeletons
  2 bullfrog zombies (D:5)
  A centaur skeleton (D:6)
  A jelly (D:5)
  A hound (D:4)
  2 bullfrog skeletons (D:5)
  2 orc priests (D:4)
  2 iguanas
  8 orc wizards
  A gnoll (D:1)
  11 adders
  A howler monkey skeleton (D:6)
  An ufetubus (D:5)
  An adder skeleton (D:5)
  A dart slug (D:2)
  23 orcs
  4 ball pythons
  4 giant cockroaches
  7 goblins
  8 hobgoblins
  18 jackals
  5 kobolds
  5 quokkas
  6 bats
  3 frilled lizards (D:1)
  14 rats
  A spectral orc (D:6)
159 creatures vanquished.

Notes
Turn   | Place    | Note
-------+----------+-------------------------------------------
     0 | D:1      | tatocazan the Demonspawn Fighter began the quest for the
                  | Orb.
     0 | D:1      | Reached XP level 1. HP: 18/18 MP: 1/1
   322 | D:1      | Gained mutation: You are partially covered in slimy green
                  | scales. (AC +2) [demonic ancestry]
   322 | D:1      | Reached XP level 2. HP: 5/24 MP: 2/2
   665 | D:1      | Reached XP level 3. HP: 29/29 MP: 3/3
  1068 | D:2      | Found Ivikyjupn's Armour Shoppe.
  1552 | D:2      | Gained mutation: You have large cloven feet. [demonic
                  | ancestry]
  1552 | D:2      | Reached XP level 4. HP: 35/35 MP: 4/4
  2230 | D:3      | Found a large runed translucent door.
  2230 | D:3      | Found a large runed translucent door.
  2264 | D:3      | Reached XP level 5. HP: 41/42 MP: 5/5
  2450 | D:3      | Found an opulent altar of Gozag.
  2455 | D:3      | Found a shadowy altar of Dithmenos.
  2656 | D:3      | You fall into a shaft and drop 1 floor!
  2656 | D:4      | Found a staircase to the Ecumenical Temple.
  2662 | D:4      | Reached skill level 4 in Fighting
  2669 | Temple   | Entered the Ecumenical Temple
  2865 | Temple   | Became a worshipper of Uskayaw the Reveller
  2887 | D:4      | Reached * piety under Uskayaw
  2889 | D:4      | Reached ** piety under Uskayaw
  2890 | D:4      | Gained mutation: You have hoof-like feet. [demonic
                  | ancestry]
  2890 | D:4      | Reached XP level 6. HP: 26/48 MP: 6/6
  3340 | D:4      | Reached *** piety under Uskayaw
  3523 | D:5      | Entered Level 5 of the Dungeon
  3722 | D:4      | Reached XP level 7. HP: 37/55 MP: 7/7
  3929 | D:5      | Reached **** piety under Uskayaw
  4076 | D:5      | Noticed Blork the orc
  4101 | D:5      | HP: 1/55 [Blork the orc/+0 battleaxe (7)]
  4576 | D:5      | Found Racecli's Weapon Emporium.
  4576 | D:5      | Noticed Duvessa
  4576 | D:5      | Noticed Dowan
  4727 | D:5      | Reached skill level 5 in Fighting
  4995 | D:5      | Killed Dowan
  5003 | D:5      | Killed Duvessa
  5004 | D:5      | Reached skill level 5 in Armour
  5128 | D:5      | Reached skill level 5 in Shields
  5128 | D:5      | Reached XP level 8. HP: 47/63 MP: 8/8
  5428 | D:5      | Bought a +0 broad axe for 52 gold pieces
  5522 | D:5      | Killed Blork the orc
  5766 | D:6      | Reached skill level 5 in Axes
  5870 | D:6      | Reached skill level 6 in Fighting
  5934 | D:6      | Found a basalt altar of Yredelemnul.
  5981 | D:6      | Noticed Menkaure
  5986 | D:6      | Killed Menkaure
  6121 | D:6      | Reached ***** piety under Uskayaw
  6122 | D:6      | Reached XP level 9. HP: 11/71 MP: 9/9
  7248 | D:7      | Noticed Maggie
  7270 | D:7      | Killed Maggie
  7271 | D:7      | Reached skill level 7 in Fighting
  7934 | D:8      | Slain by a hornet

Illustrated notes

Levels and vault maps discovered:
D:1:      dpeg_arrival_windows_large_door, layout_rooms, minmay_rat_gold_closets
D:2:      layout_loops_corners, serial_shops, shop
D:3:      layout_rooms, grunt_temple_overflow_open, trog_book,
          ebering_ghost_disaster_area, nrook_mini_vaults
D:4:      layout_basic, minmay_temple_entry_wispy, serial_bayou_pond_e
D:5:      layout_basic, serial_shops, shop_fountains, chequers_garden,
          minmay_misc_feat_five, minmay_fractal_squares_5, uniq_duvessa,
          uniq_blork_the_orc
D:6:      minmay_general_purpose_star, layout_gridville,
          yredelemnul_forgotten_temple_becter, uniq_menkaure
D:7:      layout_rooms, uniq_maggie
D:8:      layout_basic, general_overflow_altar, serial_ice, serial_ice_k,
          serial_ice_m, serial_ice_o, serial_ice_d, dk_noncrumbling_4
Temple:   eino_temple_scatter_basement

Skill      XL: |  1  2  3  4  5  6  7  8  9 |
---------------+----------------------------+-----
Axes           | 2 3 4 5 6 |  6.4
Shields        | 3 4 5 6 |  6.7
Armour         | 3 4 5 6 |  6.8
Fighting       | 4 5 6 7 |  7.4

Action                   |  1- 3 |  4- 6 |  7- 9 || total
-------------------------+-------+-------+-------++-------
Melee: War axe           |   142 |   199 |    97 ||   438
       Kick              |       |    49 |    80 ||   129
       Broad axe         |       |       |   167 ||   167
  Use: Potion            |       |       |     8 ||     8
       Scroll            |       |       |     3 ||     3
 Stab: Paralysed         |       |     1 |    13 ||    14
Armor: Scale mail        |    86 |    95 |       ||   181
       Plate armour      |       |    40 |   255 ||   295
       Skin              |       |     1 |       ||     1
Dodge: Dodged            |    66 |    63 |    58 ||   187
Block: Kite shield       |    84 |   115 |   189 ||   388

Table legend: (Time is in decaauts)
 A = Elapsed time spent in this place.
 B = Non-inter-level travel time spent in this place.
 C = Inter-level travel time spent in this place.
 D = Time resting spent in this place.
 E = Time spent auto-exploring this place.
 F = Levels seen in this place.
 G = Mean time per level.
                   A        B        C        D        E       F      G
               +--------+--------+--------+--------+--------+-----+--------+
         Total |   8287 |   8054 |    233 |   2226 |   4342 |   9 |  920.8 |
       Dungeon |   8078 |   7857 |    221 |   2226 |   4161 |   8 | 1009.8 |
        Temple |    209 |    197 |     12 |      0 |    181 |   1 |  209.0 |
               +--------+--------+--------+--------+--------+-----+--------+

Top non-repeatable levels by time:
     D:4: 1499 daAuts
     D:6: 1433 daAuts
     D:5: 1425 daAuts
     D:2: 1267 daAuts
     D:1: 1064 daAuts
     D:7: 788 daAuts
     D:3: 479 daAuts
  Temple: 209 daAuts
     D:8: 119 daAuts
